 Dungeon Crawl Stone Soup version 0.23-a0-435-g79ed067 (webtiles) character file.

722 galech the Covered (level 7, 0/54 HPs)
             Began as a Demonspawn Fighter on Nov 15, 2018.
             Slain by a jackal (2 damage)
             ... on level 6 of the Dungeon.
             The game lasted 00:05:31 (4554 turns).

galech the Covered (Demonspawn Fighter)             Turns: 4554, Time: 00:05:32

Health: 0/54       AC:  9    Str: 16    XL:     7   Next: 43%
Magic:  0/7        EV:  9    Int: 10    God:
Gold:   34         SH:  9    Dex: 14    Spells: 6/6 levels left

rFire    . . .     SeeInvis .   a - +0 war axe
rCold    + . .     Gourm    .   c - +0 shield
rNeg     . . .     Faith    .   b - +0 scale mail
rPois    .         Spirit   +   (no helmet)
rElec    .         Reflect  .   w - +0 cloak
rCorr    .         Harm     .   h - +0 pair of gloves
MR       .....                  (no boots)
Stlth    +.........             (no amulet)
HPRegen  0.18/turn              m - ring of protection from fire
MPRegen  0.10/turn              s - ring of ice

@: no status effects
A: hooves 1, nightstalker 1, magic shield, sturdy frame 2
a: no special abilities


You were on level 6 of the Dungeon.
You were not hungry.

You visited 1 branch of the dungeon, and saw 6 of its levels.

You collected 264 gold pieces.
You spent 230 gold pieces at shops.

Inventory:

Hand Weapons
 a - a +0 war axe (weapon)
Armour
 b - a +0 scale mail (worn)
 c - a +0 shield (worn)
 h - a +0 pair of gloves (worn)
 w - a +0 cloak (worn)
Jewellery
 m - a ring of protection from fire (left hand)
 s - a ring of ice (right hand)
Wands
 o - a wand of paralysis (11)
 p - a wand of random effects (20)
Scrolls
 e - 3 scrolls of remove curse {unknown}
 g - a scroll of fog {unknown}
 i - 2 scrolls of noise {unknown}
 j - 2 scrolls of teleportation {unknown}
 k - 2 scrolls of enchant weapon {unknown}
 l - 5 scrolls of fear {unknown}
 q - 2 scrolls of blinking {unknown}
 r - 2 scrolls of identify {unknown}
 v - a scroll of amnesia {unknown}
Potions
 d - a potion of agility {unknown}
 n - 3 potions of mutation
 t - a potion of curing
 u - 3 potions of heal wounds
Comestibles
 f - 6 rations


   Skills:
 + Level 4.2 Fighting
 + Level 4.5 Axes
 + Level 4.6 Armour
 + Level 1.8 Dodging
 + Level 0.2 Stealth
 + Level 4.2 Shields


You had 6 spell levels left.
You didn't know any spells.
Your spell library contained the following spells:

 Spells                   Type           Power        Failure   Level  Hunger
 Animate Skeleton         Necr           N/A          93%         1    ##.....
 Pain                     Necr           #...         93%         1    ##.....
 Regeneration             Chrm/Necr      #.........   100%        3    ####...
 Vampiric Draining        Necr           #.........   100%        3    ####...
 Animate Dead             Necr           N/A          100%        4    #####..


Dungeon Overview and Level Annotations

Branches:
Dungeon (6/15)
 Temple: D:4-7

Altars:
Dithmenos
Trog
Xom

Shops:
D:4 %}!*:


Innate Abilities, Weirdness & Mutations

You have large cloven feet.
You are slightly more attuned to the shadows.
When hurt, damage is shared between your health and your magic reserves.
Your movements are less encumbered by armour. (ER -4)


Message History

You hit the shadow imp. Your kick misses the shadow imp.
The shadow imp is almost dead.
You closely miss the orc. You closely miss the jackal.
You block the jackal's attack.
The orc zaps a wand.
You resist with some effort.
The shadow imp hits you but does no damage.
The jackal bites you but does no damage.
You block the orc's attack.
You barely miss the orc. Your kick misses the orc.
The orc is heavily wounded.
Your shield and scale mail prevent you from hitting the jackal.
You hit the shadow imp.
You kill the shadow imp!
The jackal barely misses you.
The orc zaps a wand.
You resist with some effort.
Unknown command.
You hit the orc. You kick the orc.
You kill the orc!
You closely miss the jackal. You block the jackal's attack.
The jackal bites you.
You die...

#....###.# ##.#
..#....# ####.....#
#..###..(....
##....####............
#...............?....
#...####.............
#...............(....
#.....#####...).$...#
#...### #h).......#
#...# #@†.......# #...
###.[...... .......>.
###....... ..#.....
##...# ..


You could see a jackal.

Vanquished Creatures
  Menkaure (D:5)
  A water moccasin (D:5)
  A bullfrog (D:6)
  A bullfrog zombie (D:5)
  A hound (D:3)
  A jelly (D:5)
  A bullfrog skeleton (D:5)
  An orc priest (D:6)
  Crazy Yiuf (D:5)
  An orc wizard (D:6)
  A worker ant (D:4)
  8 adders
  2 shadow imps (D:6)
  An ooze (D:2)
  4 adder skeletons
  3 worms (D:2)
  2 dart slugs
  6 leopard geckos
  10 orcs
  2 giant cockroaches
  5 goblins
  6 hobgoblins
  6 jackals
  7 kobolds
  5 quokkas
  2 ball pythons
  6 bats
  5 frilled lizards
  A leopard gecko skeleton (D:4)
  2 rats (D:3)
94 creatures vanquished.

Notes
Turn   | Place    | Note
-------+----------+-------------------------------------------
     0 | D:1      | galech the Demonspawn Fighter began the quest for the Orb.
     0 | D:1      | Reached XP level 1. HP: 18/18 MP: 1/1
   215 | D:1      | Gained mutation: When hurt, damage is shared between your
                  | health and your magic reserves. [demonic ancestry]
   215 | D:1      | Reached XP level 2. HP: 20/24 MP: 2/2
   330 | D:1      | Found a shimmering altar of Xom.
   772 | D:2      | Gained mutation: You have large cloven feet. [demonic
                  | ancestry]
   772 | D:2      | Reached XP level 3. HP: 27/29 MP: 3/3
  1444 | D:2      | Gained mutation: Your movements are slightly less
                  | encumbered by armour. (ER -2) [demonic ancestry]
  1444 | D:2      | Reached XP level 4. HP: 36/36 MP: 4/4
  1647 | D:2      | Found a bloodstained altar of Trog.
  2316 | D:3      | Reached XP level 5. HP: 37/42 MP: 3/5
  2624 | D:4      | Found Puloweu's Gadget Emporium.
  2625 | D:4      | Found Locs's Food Boutique.
  2738 | D:4      | Found a shadowy altar of Dithmenos.
  2746 | D:4      | You fall through a shaft!
  2746 | D:5      | Entered Level 5 of the Dungeon
  2786 | D:5      | Noticed a water moccasin
  2805 | D:5      | Killed a water moccasin
  2805 | D:5      | Reached skill level 1 in Dodging
  2805 | D:5      | Gained mutation: Your movements are less encumbered by
                  | armour. (ER -4) [demonic ancestry]
  2805 | D:5      | Reached XP level 6. HP: 20/48 MP: 2/6
  3137 | D:5      | Found a runed door.
  3387 | D:4      | Found Efidim's Assorted Antiques.
  3389 | D:4      | Found Ganunoup's Book Shoppe.
  3455 | D:4      | Found Wosus's Distillery.
  3458 | D:4      | Bought a potion of mutation for 80 gold pieces
  3458 | D:4      | Bought 2 potions of heal wounds for 100 gold pieces
  3732 | D:4      | Bought a potion of heal wounds for 50 gold pieces
  3871 | D:5      | Noticed Menkaure
  3878 | D:5      | Killed Menkaure
  3878 | D:5      | Gained mutation: You are slightly more attuned to the
                  | shadows. [demonic ancestry]
  3878 | D:5      | Reached XP level 7. HP: 9/54 MP: 1/7
  4394 | D:5      | Noticed Crazy Yiuf
  4399 | D:5      | Killed Crazy Yiuf
  4540 | D:6      | HP: 1/54 [shadow imp/nerve-wracking pain (11)]
  4548 | D:6      | HP: 2/54 [jackal (1)]
  4554 | D:6      | Slain by a jackal

Vault maps used:
D:1:      roderic_octagonal_star, xom_teletrap_fun
D:2:      serial_bayou, serial_bayou_shore_b, serial_bayou_pond_b,
          serial_bayou_pond_e, serial_bayou_pond_e, kennysheep_big_empty_room,
          trog_book
D:4:      lemuel_coloured_pillars_altar, serial_shops, nicolae_shop_crystal,
          shop, kennysheep_mini, nicolae_shop_stone, shop, first_ration
D:5:      uniq_crazy_yiuf_cottage, uniq_menkaure
D:6:      marbit_many_paths, minmay_temple_entry_water_ring

Skill      XL: |  1  2  3  4  5  6 |
---------------+-------------------+-----
Armour         | 3 4 |  4.6
Shields        | 3 4 |  4.2
Axes           | 2 3 4 |  4.5
Dodging        | 1 |  1.8
Fighting       | 4 |  4.2
Stealth        | |  0.2

Action                   |  1- 3 |  4- 6 |  7- 9 || total
-------------------------+-------+-------+-------++-------
Melee: War axe           |   107 |   174 |    48 ||   329
       Kick              |     6 |    41 |    15 ||    62
  Use: Potion            |       |     3 |       ||     3
  Eat: Chunk             |     2 |     7 |       ||     9
       Ration            |       |       |     1 ||     1
Armor: Scale mail        |    52 |    62 |    32 ||   146
Dodge: Dodged            |    32 |    53 |    30 ||   115
Block: Shield            |    58 |    95 |    28 ||   181

Table legend:
 A = Non-vault XP
 B = Vault XP
 C = Vault XP percentage of total XP
 D = Non-vault monster count
 E = Vault monster count
 F = Vault count percentage of total count
                 A         B        C        D         E       F
            +---------+---------+-------+---------+---------+-------
      Total |     814 |     218 |  21.1 |      90 |       4 |   4.3
            +---------+---------+-------+---------+---------+-------
        D:1 |      25 |       0 |   0.0 |      12 |       0 |   0.0
        D:2 |     111 |       6 |   5.1 |      24 |       2 |   7.7
        D:3 |      99 |       0 |   0.0 |      22 |       0 |   0.0
        D:4 |      91 |       0 |   0.0 |      13 |       0 |   0.0
        D:5 |     278 |     212 |  43.3 |       6 |       2 |  25.0
        D:6 |     210 |       0 |   0.0 |      13 |       0 |   0.0
            +---------+---------+-------+---------+---------+-------
